 Dungeon Crawl Stone Soup version 0.20.1-1-g8b1a95d (webtiles) character file.

82 Fisto the Firebug (level 4, -20/35 HPs)
             Began as a Draconian Fire Elementalist on Nov 5, 2017.
             Was an Initiate of Zin.
             Demolished by an ogre
             ... wielding a +0 giant spiked club
              (22 damage)
             ... on level 5 of the Dungeon.
             The game lasted 00:32:26 (2503 turns).

Fisto the Firebug (Draconian Fire Elementalist)     Turns: 2503, Time: 00:32:27

Health: -20/35     AC:  6    Str: 17    XL:     4   Next: 21%
Magic:  6/7        EV: 12    Int: 15    God:    Zin [......]
Gold:   59         SH:  0    Dex: 11    Spells: 6/7 levels left

rFire    . . .     SeeInvis .   c - +0 dagger (freeze)
rCold    . . .     Gourm    .   (no shield)
rNeg     . . .     Faith    .   (armour unavailable)
rPois    .         Spirit   .   (helmet restricted)
rElec    .         Reflect  .   (no cloak)
rCorr    .         Harm     .   g - +0 pair of gloves
MR       .....                  (no boots)
Stlth    ++........             (no amulet)
Regen    0.2/turn               (no ring)
MPRegen  0.1/turn               (no ring)

@: mighty
A: unfitting armour, cold-blooded, AC +5
a: Donate Gold, Renounce Religion


You were on level 5 of the Dungeon.
You worshipped Zin.
Zin was noncommittal.
You were not hungry.

You visited 1 branch of the dungeon, and saw 5 of its levels.

You collected 65 gold pieces.
You donated 6 gold pieces to Zin.

Inventory:

Hand Weapons
 c - a +0 dagger of freezing (weapon)
Missiles
 n - 21 poisoned needles
Armour
 g - a +0 pair of gloves (worn)
Jewellery
 h - a +5 ring of strength {unknown}
 j - an uncursed ring of fire {unknown}
 m - an uncursed ring of stealth {unknown}
Scrolls
 e - 2 scrolls of remove curse
 o - a scroll of identify
Potions
 q - a potion of agility {unknown}
 r - a potion of curing {unknown}
Books
 a - a book of Flames

   Spells                             Type                      Level
   a - Flame Tongue                   Conjuration/Fire             1
   b - Throw Flame                    Conjuration/Fire             2
   c - Conjure Flame                  Conjuration/Fire             3
   d - Inner Flame                    Hexes/Fire                   3
   e - Sticky Flame                   Conjuration/Fire             4
   f - Fireball                       Conjuration/Fire             5
Comestibles
 b - a bread ration
 d - a meat ration
 f - 3 fruits


   Skills:
 * Level 1.0 Fighting
 - Level 2.2 Dodging
 + Level 2.0 Stealth
 + Level 1.2 Unarmed Combat
 + Level 2.3 Spellcasting
 + Level 1.3 Conjurations
 * Level 3.8 Fire Magic


You had 6 spell levels left.
You knew the following spells:

 Your Spells              Type           Power        Failure   Level  Hunger
a - Flame Tongue          Conj/Fire      #....        8%          1    #......


Dungeon Overview and Level Annotations

Branches:
Dungeon (5/15)
 Temple: D:4-7

Altars:
Zin

Annotations:
D:2 Robin
D:4 Blork the orc


Innate Abilities, Weirdness & Mutations

Your plain brown scales are hard. (AC +5)
You cannot fit into any form of body armour.
You are cold-blooded and may be slowed by cold attacks.


Message History

There is an escape hatch in the floor here.
The ogre hits you with a giant spiked club.
You slide downwards.
The hatch slams shut behind you.
Found a scroll of remove curse and 16 gold pieces.
Found a stone staircase leading up.
Casting: Flame Tongue
Confirm with . or Enter, or press ? or * to list all spells.
Aiming: Flame Tongue
Press: ? - help, Shift-Dir - straight line, f - ogre
Aim: an ogre, wielding a giant spiked club (inner flame)
The flame tongue hits the ogre.
The ogre is lightly wounded.
The ogre closely misses you.
You feel very mighty all of a sudden.
The ogre hits you with a giant spiked club!
* * * LOW HITPOINT WARNING * * *
There is a stone staircase leading up here.
The ogre hits you with a giant spiked club!!
Ouch! That really hurt!
You die...

......#
....$##
#.....#
#.....#
#.....#
#.....#
#.....#
###+#.....#
#....@O.###
#.......#
#.......#
#.......#
#.....?.#
#.....#+##
#.....
#.....


You could see an ogre (inner flame).

Vanquished Creatures
  2 adders
  A worm (D:3)
  2 dart slugs (D:3)
  2 leopard geckos
  2 giant cockroaches
  8 goblins
  9 hobgoblins
  5 jackals
  3 kobolds
  3 quokkas
  7 bats
  3 frilled lizards
  3 rats
50 creatures vanquished.

Notes
Turn   | Place    | Note
-------+----------+-------------------------------------------
     0 | D:1      | Fisto the Draconian Fire Elementalist began the quest for the Orb.
     0 | D:1      | Reached XP level 1. HP: 14/14 MP: 3/3
   268 | D:1      | Reached XP level 2. HP: 9/20 MP: 1/5
  1420 | D:1      | Reached XP level 3. HP: 8/27 MP: 2/6
  1545 | D:2      | Noticed Robin
  1551 | D:3      | Reached skill level 1 in Unarmed Combat
  1851 | D:3      | Reached XP level 4. HP: 32/34 MP: 1/7
  2181 | D:4      | Reached skill level 1 in Fighting
  2336 | D:4      | Found a glowing silver altar of Zin.
  2361 | D:4      | Became a worshipper of Zin the Law-Giver
  2460 | D:4      | Noticed Blork the orc
  2480 | D:4      | Noticed an ogre
  2497 | D:5      | Entered Level 5 of the Dungeon
  2500 | D:5      | HP: 1/35 [ogre/giant spiked club (13)]
  2503 | D:5      | Demolished by an ogre

Skill      XL: |  1  2  3  4 |
---------------+-------------+-----
Dodging        | 2 |  2.2
Unarmed Combat | 1 |  1.2
Stealth        | 2 |  2.0
Fighting       | 1 |  1.0
Spellcasting   | |  2.3
Conjurations   | |  1.3
Fire Magic     | |  3.8

Action                   |  1- 3 |  4- 6 || total
-------------------------+-------+-------++-------
Melee: Unarmed           |    91 |       ||    91
       Tailslap          |     8 |       ||     8
       Dagger            |     7 |     1 ||     8
Throw: Throwing net      |     3 |       ||     3
 Cast: Flame Tongue      |    48 |    25 ||    73
  Use: Scroll            |     4 |     3 ||     7
       Potion            |     3 |     2 ||     5
  Eat: Meat ration       |     1 |     1 ||     2
Armor: Skin              |    46 |     1 ||    47
Dodge: Dodged            |   124 |     4 ||   128
